 Dungeon Crawl Stone Soup version 0.27.1-2-g3b301248ec (webtiles) character file.

Game seed: 8411419505051775606

45579 Borgoz the Fighter (level 14, -7/144 HPs)
             Began as a Gargoyle Berserker on Sept 24, 2021.
             Was a High Priest of Trog.
             Killed from afar by a frost giant (18 damage)
             ... with a bolt of cold
             ... in an ice cave.
             The game lasted 00:30:42 (20855 turns).

Borgoz the Fighter (Gargoyle Berserker)            Turns: 20855, Time: 00:30:42

Health: -7/144     AC: 30    Str: 21    XL:     14   Next: 33%
Magic:  14/14      EV: 14    Int: 10    God:    Trog [*****.]
Gold:   929        SH:  0    Dex: 12    Spells: 13/13 levels left

rFire    x . .     SeeInvis .   M - +2 flail
rCold    + . .     Faith    .   (no shield)
rNeg     + . .     Spirit   .   n - +0 scale mail
rPois    ∞         Reflect  .   (no helmet)
rElec    +         Harm     .   E - +0 cloak
rCorr    .         Rampage  .   l - +1 pair of gloves
Will     +++..                  J - +1 pair of boots
Stlth    ..........             y - amulet of regeneration
HPRegen  2.34/turn              z - ring of ice
MPRegen  0.14/turn              C - +4 ring of protection

@: mighty, berserking, strong-willed, flying, regenerating, studying Fighting,
very quick
A: sickness immunity, AC +10, big wings, negative energy resistance 1,
electricity resistance, torment resistance 1, petrification resistance
a: Renounce Religion, Berserk, Trog's Hand, Brothers in Arms


You were in an ice cave.
You worshipped Trog.
Trog was extremely pleased with you.
You visited 2 branches of the dungeon, and saw 17 of its levels.
You also visited: Ossuary and Ice Cave.

You collected 1041 gold pieces.
You spent 112 gold pieces at shops.

Inventory:

Hand Weapons
 f - a +2 mace of holy wrath
 M - a +2 flail (weapon)
Missiles
 D - a throwing net (quivered)
Armour
 l - a +1 pair of gloves (worn)
 n - a +0 scale mail (worn)
 E - a +0 cloak (worn)
 F - a +0 troll leather armour
 J - a +1 pair of boots (worn)
Jewellery
 r - a ring of willpower
 y - an amulet of regeneration (around neck)
 z - a ring of ice (left hand)
 C - a +4 ring of protection (right hand)
 G - a ring of fire
Wands
 b - a wand of paralysis (7)
 u - a wand of mindburst (11)
 v - a wand of digging (4)
 x - a wand of flame (36)
 B - a wand of iceblast (23)
 H - a wand of acid (12)
Scrolls
 c - 6 scrolls of enchant weapon
 e - 3 scrolls of fear
 g - 4 scrolls of magic mapping
 i - 3 scrolls of noise {unknown}
 k - 6 scrolls of enchant armour
 p - 8 scrolls of amnesia {unknown}
 q - a scroll of brand weapon
 t - a scroll of teleportation
 A - 2 scrolls of fog
Potions
 a - 2 potions of cancellation
 d - 3 potions of mutation
 h - 3 potions of haste
 j - 10 potions of curing
 m - 2 potions of berserk rage
 s - 5 potions of attraction
 w - 2 potions of resistance


   Skills:
 + Level 14.0 Fighting
 * Level 13.0 Maces & Flails
 + Level 12.9 Armour
 * Level 11.0 Dodging


You had 13 spell levels left.
You didn't know any spells.
Your spell library was empty.

Dungeon Overview and Level Annotations

Branches:
Dungeon (12/15)            Temple (0/1) D:4            Lair (5/6) D:9
  Swamp (0/4) Lair:2       Spider (0/4) Lair:3          Orc (0/2) D:10
Ossuary (visited)           IceCv (1/1)
  Slime: Lair:5-6

Altars:
Fedhas
Kikubaaqudgha
Makhleb
Nemelex Xobeh
Okawaru
Ru
Uskayaw
Xom
Yredelemnul
The Shining One

Shops:
D:9 ?

Annotations:
D:9 exclusion: orange crystal statue IceCv exclusion: ice statue


Innate Abilities, Weirdness & Mutations

You are immune to sickness and miasma.
Your stone body is resilient. (AC +10)
You are immune to poison.
Your large and strong wings let you fly.
You resist negative energy. (rN+)
You are resistant to electric shocks. (rElec)
You are resistant to unholy torment.
You are immune to petrification.


Message History

You miss the wolf.
The wolf is heavily wounded.
The wolf bites you but does no damage.
You hit the frost giant.
The frost giant is lightly wounded.
You bludgeon the frost giant!!
The frost giant is moderately wounded.
The frost giant hits you but does no damage.
You hit the frost giant.
The frost giant is moderately wounded.
You hit the frost giant.
The frost giant is moderately wounded.
The ice encasing you melts away.
The frost giant hits you with a +2 battleaxe of freezing!!
The frost giant freezes you.
You bludgeon the frost giant!!
The frost giant is heavily wounded.
The frost giant hits you with a +2 battleaxe of freezing!!
The frost giant freezes you.
A red film seems to cover your vision as you go berserk!
You feel yourself moving faster!
You feel mighty!
The frost giant hits you with a +2 battleaxe of freezing!!
* * * LOW HITPOINT WARNING * * *
The frost giant freezes you.
* * * LOW HITPOINT WARNING * * *
You sock the frost giant!
The frost giant is heavily wounded.
You hit the frost giant.
The frost giant is heavily wounded.
The frost giant hits you with a +2 battleaxe of freezing!!
* * * LOW HITPOINT WARNING * * *
The frost giant freezes you.
* * * LOW HITPOINT WARNING * * *
You thump the frost giant!
The frost giant is severely wounded.
You completely miss the frost giant.
The frost giant is severely wounded.
The frost giant casts a spell at you. The bolt of cold hits you!! You resist.
You die...

#.#.#
####....
##..## ##..#
##..# ####
##.## ###.#.#
###≈≈≈.##
#≈≈≈≈≈##
#########≈≈≈#
......h#@≈≈≈#
......hC#####
..###.kY..#
##.....#
#.......
#...Y....#
........##
.......##
......###


You could see a frost giant, a yak, a rime drake and a wolf.

Vanquished Creatures
  Josephine (D:11)
  Harold (Lair:1)
  5 hydras
  Fannar (D:12)
  2 boulder beetles
  A two-headed ogre (D:9)
  3 death yaks
  Nergalle (Lair:2)
  Sonja (D:11)
  3 skeletal warriors (D:11)
  Pikel (D:7)
  2 oklob plants (Lair:2)
  2 ugly things
  2 cyclopes
  5 elephants (Lair:2)
  An ice statue (D:9)
  2 black mambas
  4 cane toads
  A gargoyle (D:10)
  An unseen horror (D:12)
  9 rime drakes
  3 komodo dragons
  A troll (D:12)
  A jumping spider (Lair:3)
  4 polar bears (IceCv)
  8 blink frogs
  A shadow (D:9)
  6 wraiths
  A vampire (D:12)
  3 basilisks
  A steam dragon (D:6)
  30 yaks
  5 wyverns
  8 vampire mosquitoes
  A warg (D:9)
  4 swamp worms (Lair:2)
  An acid dragon (D:11)
  17 water moccasins
  2 orc warriors
  2 hornet zombies (Ossuary)
  A sky beast (D:7)
  3 necrophages
  2 black bears
  11 centaurs
  24 wolves
  3 ogres (D:5)
  3 phantoms
  4 wyvern zombies (Ossuary)
  8 bullfrogs
  A gnoll sergeant (D:6)
  5 scorpions
  2 water moccasin zombies
  A water moccasin skeleton (D:4)
  8 killer bees
  5 wights (D:8)
  3 howler monkeys
  9 centaur zombies
  5 bullfrog zombies (Ossuary)
  A hound (D:7)
  3 jellies
  11 orc priests
  2 centaur skeletons
  2 iguanas
  4 orc wizards
  A scorpion zombie (D:5)
  4 killer bee zombies
  A hound skeleton (D:4)
  12 mummies
  5 howler monkey zombies
  16 gnolls
  8 adders
  2 shadow imps
  A white imp (D:6)
  An ufetubus (D:5)
  An adder skeleton (D:4)
  A worm (D:4)
  3 dart slugs
  27 orcs
  4 endoplasms
  4 giant cockroaches
  5 goblins
  7 hobgoblins
  3 jackals
  3 kobolds
  2 quokkas
  8 ball pythons
  4 bats
  4 frilled lizards
  3 rats
399 creatures vanquished.

Vanquished Creatures (collateral kills)
  A hydra (Lair:2)
  4 death yaks (Lair:3)
  A skeletal warrior (D:11)
  An elephant (Lair:2)
  A cane toad (Lair:2)
  A komodo dragon (Lair:2)
  2 swamp worms (Lair:2)
11 creatures vanquished.

Vanquished Creatures (others)
  14 fungi
  24 plants
  6 withered plants (Ossuary)
44 creatures vanquished.

Grand Total: 454 creatures vanquished

Notes
Turn   | Place    | Note
-------+----------+-------------------------------------------
     0 | D:1      | Borgoz the Gargoyle Berserker began the quest for the Orb.
     0 | D:1      | Reached XP level 1. HP: 14/14 MP: 1/1
   209 | D:1      | Reached XP level 2. HP: 19/19 MP: 2/2
  1222 | D:1      | Reached XP level 3. HP: 23/23 MP: 3/3
  1231 | D:1      | Found a faded altar of an unknown god.
  2663 | D:3      | Reached ** piety under Trog
  2677 | D:3      | Found a hide-covered altar of Uskayaw.
  2687 | D:3      | Reached XP level 4. HP: 28/29 MP: 4/4
  2838 | D:4      | Noticed a black bear
  2849 | D:4      | Killed a black bear
  2850 | D:4      | Reached skill level 4 in Fighting
  2850 | D:4      | Reached XP level 5. HP: 33/33 MP: 5/5
  3018 | D:4      | Noticed a necrophage
  3024 | D:4      | Reached XP level 6. HP: 11/39 MP: 6/6
  3028 | D:4      | Killed a necrophage
  3032 | D:4      | HP: 2/40 [jackal (2)]
  3295 | D:4      | Found an iron altar of Okawaru.
  3384 | D:4      | Reached skill level 5 in Fighting
  3384 | D:4      | Reached XP level 7. HP: 35/44 MP: 7/7
  3511 | D:4      | Found a staircase to the Ecumenical Temple.
  3540 | D:4      | Found a sparkling altar of Nemelex Xobeh.
  3751 | D:4      | Reached skill level 5 in Maces & Flails
  3917 | D:4      | Reached skill level 5 in Armour
  4175 | D:5      | Entered Level 5 of the Dungeon
  4252 | D:5      | Reached XP level 8. HP: 51/51 MP: 8/8
  4462 | D:5      | Reached skill level 6 in Fighting
  4546 | D:5      | Reached *** piety under Trog
  5189 | D:6      | Found a sand-covered staircase.
  5208 | D:6      | Reached XP level 9. HP: 43/56 MP: 9/9
  5261 | Ossuary  | Entered an ossuary
  5274 | Ossuary  | Reached skill level 7 in Fighting
  5280 | Ossuary  | Reached skill level 5 in Dodging
  5435 | Ossuary  | Reached **** piety under Trog
  6930 | D:7      | Found a burning altar of Makhleb.
  6930 | D:7      | Found a shimmering altar of Xom.
  6930 | D:7      | Found an ancient bone altar of Kikubaaqudgha.
  6950 | D:7      | Found a basalt altar of Yredelemnul.
  6974 | D:7      | Reached skill level 8 in Fighting
  7284 | D:7      | Noticed Pikel
  7297 | D:7      | Killed Pikel
  7298 | D:7      | Reached XP level 10. HP: 65/65 MP: 10/10
  7489 | D:7      | Found a sacrificial altar of Ru.
  7972 | D:7      | Noticed a cyclops
  7983 | D:7      | Killed a cyclops
  9289 | D:9      | Reached skill level 9 in Fighting
  9537 | D:9      | Reached XP level 11. HP: 54/71 MP: 11/11
  9672 | D:9      | Found a staircase to the Lair.
  9739 | D:9      | Found Yhobabb's Magic Scroll Emporium.
  9755 | D:9      | Bought a scroll of identify for 28 gold pieces
  9755 | D:9      | Bought a scroll of identify for 28 gold pieces
  9755 | D:9      | Bought 2 scrolls of identify for 56 gold pieces
 10041 | D:9      | Found a glowing golden altar of the Shining One.
 10070 | D:9      | Noticed an orange crystal statue
 10452 | D:10     | Entered Level 10 of the Dungeon
 10459 | D:10     | Reached ***** piety under Trog
 10487 | D:10     | Noticed a two-headed ogre
 10726 | D:9      | Killed a two-headed ogre
 10745 | D:9      | Reached skill level 10 in Fighting
 10977 | D:10     | Received a gift from Trog
 11221 | D:10     | Found a staircase to the Orcish Mines.
 11935 | D:11     | Noticed Josephine
 11960 | D:11     | Killed Josephine
 11961 | D:11     | Reached skill level 10 in Armour
 11975 | D:11     | Noticed Sonja
 11979 | D:11     | Noticed a skeletal warrior
 11979 | D:11     | Noticed a skeletal warrior
 11979 | D:11     | Noticed a skeletal warrior
 11980 | D:11     | Noticed a skeletal warrior
 11983 | D:11     | HP: 2/72 [vampire mosquito (3)]
 11987 | D:11     | Noticed a cyclops
 11992 | D:11     | Killed a skeletal warrior
 12517 | D:11     | Killed a skeletal warrior
 12615 | D:11     | Killed a skeletal warrior
 12662 | D:11     | Killed a skeletal warrior
 12814 | D:11     | Reached skill level 10 in Maces & Flails
 12819 | D:11     | Killed a cyclops
 12820 | D:11     | Reached XP level 12. HP: 79/79 MP: 12/12
 12833 | D:11     | Killed Sonja
 12834 | D:11     | Reached skill level 11 in Fighting
 13741 | D:12     | Noticed a four-headed hydra
 13742 | D:12     | Noticed Fannar
 13757 | D:12     | Killed a four-headed hydra
 13760 | D:12     | Killed Fannar
 13877 | D:12     | Noticed a boulder beetle
 13916 | D:12     | Killed a boulder beetle
 14919 | Lair:1   | Entered Level 1 of the Lair of Beasts
 14989 | Lair:1   | Noticed Harold
 15006 | Lair:1   | Killed Harold
 16022 | Lair:1   | Noticed a four-headed hydra
 16030 | Lair:1   | Killed a four-headed hydra
 16031 | Lair:1   | Reached skill level 12 in Fighting
 16162 | Lair:1   | Reached XP level 13. HP: 60/86 MP: 13/13
 16300 | Lair:1   | Identified 2 scrolls of acquirement
 16301 | Lair:1   | Acquired a manual of Fighting
 16303 | Lair:1   | Acquired an amulet of regeneration
 16834 | Lair:2   | Found a staircase to the Swamp.
 17252 | Lair:2   | Reached skill level 10 in Dodging
 17600 | Lair:2   | Found a blossoming altar of Fedhas.
 17727 | Lair:2   | Reached skill level 13 in Fighting
 18105 | Lair:2   | Noticed Nergalle
 18124 | Lair:2   | Killed Nergalle
 18944 | Lair:3   | Found a hole to the Spider Nest.
 19615 | Lair:4   | Gained mutation: Your large and strong wings let you fly.
                  | [Gargoyle growth]
 19615 | Lair:4   | Reached XP level 14. HP: 91/94 MP: 14/14
 20497 | Lair:5   | Found a frozen archway.
 20527 | IceCv    | Entered an ice cave
 20822 | IceCv    | Noticed a frost giant
 20840 | IceCv    | Reached skill level 14 in Fighting
 20855 | IceCv    | Killed from afar by a frost giant

Illustrated notes

Levels and vault maps discovered:
D:1:      ebering_trefoil_3fold, layout_basic,
          ebering_ecumenical_altar_petrified
D:2:      layout_basic
D:3:      layout_basic, nicolae_uskayaw_dance_hall, serial_curves,
          eino_curves_02, eino_curves_02
D:4:      layout_basic, amcnicky_altar_gilded,
          mainiacjoe_overflow_small_starburst, minmay_temple_entry_grid
D:5:      layout_basic, st_stairs_1
D:6:      layout_cave_pools, gup_ossuary_entry_pyramid,
          kennysheep_cross_bottleneck, kennysheep_small_circle
D:7:      layout_layer_cave, nicolae_ru_the_path_less_chosen,
          nicolae_overflow_quartered_altars, uniq_pikel
D:8:      layout_basic
D:9:      minmay_separated_statues, layout_gridville, tso_altar,
          minmay_lair_entry_grove, serial_shops, nicolae_stop_n_shop_2
D:10:     layout_cave_pods, erik_orc_4
D:11:     layout_basic, uniq_josephine, uniq_sonja
D:12:     layout_cave_pods, hangedman_decor_lopped, uniq_fannar
Lair:1:   layout_regular_city, beast_lair_carwin_6, uniq_harold
Lair:2:   layout_cave_pods, palyth_hydra_swamp_entry, hangedman_tree_tricks,
          uniq_nergalle
Lair:3:   layout_regular_city, spider_nest_entry_a
Lair:4:   layout_regular_city
Lair:5:   layout_cave_pods, portal_ice_cave_rime, st_stairs_13,
          beast_lair_carwin_1, serial_bayou_shore_a
IceCv:    ice_cave_small_giant

Skill      XL: |  1  2  3  4  5  6  7  8  9 10 11 12 13 14 |
---------------+-------------------------------------------+-----
Dodging        | 2 3 4 6 7 8 9 10 11 | 11.0
Fighting       | 4 5 6 8 9 10 12 13 14 | 14.0
Armour         | 3 4 5 6 8 9 10 11 12 | 12.9
Maces & Flails | 4 5 6 7 8 10 11 12 13 | 13.0

Action                   |  1- 3 |  4- 6 |  7- 9 | 10-12 | 13-15 || total
-------------------------+-------+-------+-------+-------+-------++-------
Melee: Mace              |    93 |    50 |   354 |    80 |       ||   577
       Morningstar       |       |       |       |   286 |       ||   286
       Flail             |       |       |       |   560 |   805 ||  1365
Throw: Throwing net      |       |       |       |       |     2 ||     2
Invok: Berserk           |       |     2 |    11 |    22 |    18 ||    53
       Trog's Hand       |       |     1 |     2 |     8 |     4 ||    15
       Brothers in Arms  |       |       |       |     1 |     3 ||     4
Evoke: Wand              |       |       |       |     5 |       ||     5
  Use: Potion            |       |     1 |     2 |    10 |     3 ||    16
       Scroll            |       |       |    14 |    16 |     7 ||    37
 Stab: Sleeping          |     1 |       |       |       |       ||     1
       Invisible         |       |       |       |     3 |     2 ||     5
       Paralysed         |       |       |       |     3 |       ||     3
       Held in net/web   |       |       |       |       |     1 ||     1
Armor: Animal skin       |    29 |    16 |       |       |       ||    45
       Scale mail        |       |     4 |   237 |   773 |   608 ||  1622
Dodge: Dodged            |    80 |    47 |   244 |   767 |   728 ||  1866
